 Dungeon Crawl Stone Soup version 0.26-a0-651-gb41185065b (webtiles) character file.

Game seed: 8827252887341890227

333 Lanoc the Firebug (level 6, -3/53 HPs)
             Began as a Troll Fire Elementalist on Oct 4, 2020.
             Was a Follower of Vehumet.
             Slain by a scorpion (5 damage)
             ... in the Ecumenical Temple.
             The game lasted 00:04:48 (2042 turns).

Lanoc the Firebug (Troll Fire Elementalist)         Turns: 2042, Time: 00:04:49

Health: -3/53      AC:  6    Str: 17    XL:     6   Next: 27%
Magic:  1/6        EV: 11    Int: 12    God:    Vehumet [*.....]
Gold:   163        SH:  0    Dex: 11    Spells: 6/7 levels left

rFire    . . .     SeeInvis .   (no weapon)
rCold    . . .     Faith    .   (no shield)
rNeg     . . .     Spirit   .   a - +0 robe
rPois    .         Reflect  .   (helmet restricted)
rElec    .         Harm     .   (no cloak)
rCorr    .         Rampage  .   (gloves unavailable)
MR       .....                  (boots unavailable)
Stlth    +.........             (no amulet)
HPRegen  0.57/turn              (no ring)
MPRegen  0.10/turn              (no ring)

@: lethally poisoned (-3 -> -13)
A: large, unfitting armour, claws 3, regeneration 1, shaggy fur 1, tough skin 3
a: Renounce Religion


You were in the Ecumenical Temple.
You worshipped Vehumet.
Vehumet was aware of your devotion.
You visited 2 branches of the dungeon, and saw 5 of its levels.

You collected 163 gold pieces.

Inventory:

Missiles
 g - 4 curare-tipped darts (quivered)
Armour
 a - a +0 robe (worn)
Jewellery
 k - an uncursed ring of ice
Wands
 d - a wand of flame (27)
Scrolls
 b - 3 scrolls of identify {unknown}
 h - 2 scrolls of teleportation {unknown}
Potions
 c - a potion of ambrosia
 e - a potion of haste {unknown}
 f - a potion of heal wounds {unknown}
 i - a potion of flight {unknown}
 j - a potion of stabbing {unknown}


   Skills:
 + Level 3.2 Dodging
 - Level 1.0 Stealth
 - Level 1.2 Spellcasting
 + Level 1.4 Conjurations
 * Level 4.4 Fire Magic


You had 6 spell levels left.
You knew the following spells:

 Your Spells              Type           Power        Failure   Level
a - Foxfire               Conj/Fire      #...         9%          1

Your spell library contained the following spells:

 Spells                   Type           Power        Failure   Level
 Sandblast                Erth           #.....       30%         1
 Conjure Flame            Conj/Fire      #.......     26%         3
 Pain                     Necr           #...         30%         1
 Inner Flame              Hex/Fire       #.......     34%         3
 Sticky Flame             Conj/Fire      #.......     65%         4
 Fireball                 Conj/Fire      #.........   94%         5


Dungeon Overview and Level Annotations

Branches:
Dungeon (4/15)             Temple (1/1) D:4

Altars:
Gozag
Kikubaaqudgha
Sif Muna
Trog
Vehumet
The Shining One


Innate Abilities, Weirdness & Mutations

You are too large for most types of armour.
You have claws for hands.
Your natural rate of healing is unusually fast.
You are covered in fur. (AC +1)
You have extremely tough skin. (AC +3)


Message History

The scorpion stings you.
* * * LOW HITPOINT WARNING * * *
You are more poisoned.
The scorpion poisons you! The killer bee closely misses you.
You miss the killer bee.
The killer bee is severely wounded.
* * * LOW HITPOINT WARNING * * *
You feel sick.
The foxfire hits the killer bee.
The killer bee is almost dead.
The foxfire hits the scorpion but does no damage.
The scorpion is lightly wounded.
The killer bee misses you. The scorpion stings you.
* * * LOW HITPOINT WARNING * * *
The killer bee stings you but does no damage.
Casting: Foxfire (safe; 9% risk of failure)
Confirm with . or Enter, or press ? or * to list all spells.
You conjure some foxfire!
* * * LOW HITPOINT WARNING * * *
You feel sick. The killer bee closely misses you. The scorpion stings you.
You die...

.....#
......#
.......##
........#
.._.....##
.........#
.......vy#
...._..@.#
......v.s#
.........#
.._.....##
........#
.......##
......#
.....#


You could see a scorpion and a killer bee.

Vanquished Creatures
  Sigmund (D:3)
  3 gnolls (D:2)
  6 adders
  An adder zombie (D:3)
  3 worms
  5 leopard geckos
  4 orcs (D:3)
  6 giant cockroaches
  6 goblins
  10 hobgoblins
  2 jackals
  A quokka (D:2)
  5 bats
  4 frilled lizards
  5 kobolds
  8 rats
70 creatures vanquished.

Vanquished Creatures (others)
  96 foxfires
96 creatures vanquished.

Grand Total: 166 creatures vanquished

Notes
Turn   | Place    | Note
-------+----------+-------------------------------------------
     0 | D:1      | Lanoc the Troll Fire Elementalist began the quest for the
                  | Orb.
     0 | D:1      | Reached XP level 1. HP: 16/16 MP: 1/1
   144 | D:1      | Reached XP level 2. HP: 24/24 MP: 2/2
   235 | D:3      | Reached XP level 3. HP: 21/31 MP: 3/3
   245 | D:3      | Reached skill level 3 in Fire Magic
   308 | D:3      | Noticed Sigmund
   363 | D:2      | Reached XP level 4. HP: 29/39 MP: 1/4
   694 | D:2      | Found a radiant altar of Vehumet.
   700 | D:2      | Found an ancient bone altar of Kikubaaqudgha.
   701 | D:2      | Found a shimmering blue altar of Sif Muna.
   706 | D:2      | Identified Kikubaaqudgha's Handbook of Evil
   766 | D:2      | Became a worshipper of Vehumet
  1048 | D:3      | Reached XP level 5. HP: 32/45 MP: 1/5
  1220 | D:3      | Reached * piety under Vehumet
  1220 | D:3      | Offered knowledge of Sandblast by Vehumet.
  1919 | D:3      | Killed Sigmund
  1919 | D:3      | Reached skill level 1 in Conjurations
  1919 | D:3      | Reached skill level 4 in Fire Magic
  1919 | D:3      | Reached XP level 6. HP: 17/53 MP: 0/6
  2022 | D:4      | Found a staircase to the Ecumenical Temple.
  2031 | Temple   | Entered the Ecumenical Temple
  2042 | Temple   | HP: 2/53 [poisoned by a scorpion]
  2042 | Temple   | Slain by a scorpion

Illustrated notes

Levels and vault maps discovered:
D:1:      lightli_arrival_flooded_house, layout_loops_ring
D:2:      layout_basic, grunt_temple_overflow_magic_moments, minmay_tetromino_i4
D:3:      cheibrodos_helix_gallery, layout_loops_ring, uniq_sigmund
D:4:      minmay_bubble_buster, layout_basic, gammafunk_temple_overflow_statue,
          minmay_temple_entry_junction, minmay_shop_damaged,
          chequers_serial_rivers_micro_b
Temple:   compressed_dpeg_circular_temple

Skill      XL: |  1  2  3  4  5 |
---------------+----------------+-----
Dodging        | 2 3 |  3.2
Fire Magic     | 3 4 |  4.4
Conjurations   | 1 |  1.4
Stealth        | |  1.0
Spellcasting   | |  1.2

Action                   |  1- 3 |  4- 6 || total
-------------------------+-------+-------++-------
Melee: Unarmed           |   103 |   109 ||   212
Throw: Dart              |       |     5 ||     5
 Cast: Foxfire           |     5 |    53 ||    58
  Use: Potion            |       |     1 ||     1
 Stab: Sleeping          |       |     4 ||     4
Armor: Robe              |    42 |    44 ||    86
Dodge: Dodged            |    64 |    80 ||   144

Table legend: (Time is in decaauts)
 A = Elapsed time spent in this place.
 B = Non-inter-level travel time spent in this place.
 C = Inter-level travel time spent in this place.
 D = Time resting spent in this place.
 E = Time spent auto-exploring this place.
 F = Levels seen in this place.
 G = Mean time per level.
                   A        B        C        D        E       F      G
               +--------+--------+--------+--------+--------+-----+--------+
         Total |   2054 |   2002 |     52 |     28 |   1437 |   5 |  410.8 |
       Dungeon |   2044 |   1992 |     52 |     28 |   1437 |   4 |  511.0 |
        Temple |     10 |     10 |      0 |      0 |      0 |   1 |   10.0 |
               +--------+--------+--------+--------+--------+-----+--------+

Top non-repeatable levels by time:
     D:3: 1161 daAuts
     D:2: 711 daAuts
     D:1: 161 daAuts
     D:4: 10 daAuts
  Temple: 10 daAuts
